 Dungeon Crawl Stone Soup version 0.20.0-8-g6b59dc7 (webtiles) character file.

105 Hasart the Shield-Bearer (level 4, -2/32 HPs)
             Began as an Octopode Fighter on June 1, 2017.
             Killed by divine providence
             ... invoked by an orc priest
              (12 damage)
             ... on level 3 of the Dungeon.
             The game lasted 00:03:19 (2138 turns).

Hasart the Shield-Bearer (Octopode Fighter)         Turns: 2138, Time: 00:03:20

Health: -2/32      AC:  1    Str: 20    XL:     4   Next: 83%
Magic:  4/4        EV: 12    Int: 10    God:
Gold:   83         SH:  9    Dex: 12    Spells: 3/3 levels left

rFire    . . .     SeeInvis .   l - +3 hand axe
rCold    . . .     Gourm    .   b - +0 shield
rNeg     . . .     Faith    .   (helmet restricted)
rPois    .         Spirit   .   (no amulet)
rElec    .         Reflect  .   (no ring)
rCorr    .         Harm     .   (no ring)
MR       .....                  (no ring)
Stlth    ++........             (no ring)
Regen    0.1/turn               (no ring)
MPRegen  0.1/turn               (no ring)
                                (no ring)
                                (no ring)

@: mighty
A: almost no armour, stealthy swim, amphibious, 8 rings, constrict 8, camouflage
1, gelatinous body 1
a: no special abilities


You were on level 3 of the Dungeon.
You were hungry.

You visited 1 branch of the dungeon, and saw 3 of its levels.

You collected 83 gold pieces.

Inventory:

Hand Weapons
 a - a +0 flail
 l - a +3 hand axe (weapon)
Armour
 b - a +0 shield (worn)
Jewellery
 f - an uncursed ring of fire
Scrolls
 i - 2 scrolls of amnesia {unknown}
 k - a scroll of teleportation {unknown}
 m - a scroll of random uselessness {unknown}
 n - a scroll of fog {unknown}
Potions
 e - 3 potions of curing
 g - a potion of heal wounds {unknown}
 h - a potion of haste {unknown}
 j - a potion of flight {unknown}
 p - 2 potions of mutation {unknown}
Comestibles
 d - a bread ration
 o - a royal jelly


   Skills:
 + Level 3.6 Fighting
 * Level 3.1 Maces & Flails
 + Level 3.5 Dodging
 + Level 3.8 Shields


You had 3 spell levels left.
You didn't know any spells.

Dungeon Overview and Level Annotations

Branches:
Dungeon (3/15)

Altars:


Innate Abilities, Weirdness & Mutations

You cannot wear most types of armour.
You are very stealthy in the water. (Stealth+)
You are amphibious.
You can wear up to eight rings at the same time.
You can use your tentacles to constrict eight enemies at once.
Your skin changes colour to match your surroundings (Stealth+).
Your rubbery body absorbs attacks. (AC +1, EV +1)


Message History

The orc priest invokes the aid of Beogh against you.
Beogh smites you!
* * * LOW HITPOINT WARNING * * *
An orc comes into view.
The orc shouts!
You block the orc's attack.
You see here a buckler.
It was a potion of curing.
You feel better. The orc closely misses you.
You feel very mighty all of a sudden. The orc hits you.
Unknown command.
You completely miss the orc.
The orc shouts!
You grab the orc. You constrict the orc. The orc hits you.
* * * LOW HITPOINT WARNING * * *
You slash the orc!
You kill the orc!
The orc priest mumbles some strange prayers to Beogh against you.
Beogh smites you!
You die...

### #.. #.# #.# #.#############
##################oo.o..........
................@†oo.#..........
.###################.#..>#######
............. #.#.oo#
#####.......[ #.#.o.#
............# #.#...#
#.....#####.# #.#...# ..#####
#.#...# ..#### #.# .....# #.#


You could see an orc priest, an orc wizard and 3 orcs.

Vanquished Creatures
  An orc priest (D:3)
  2 adders
  2 worms (D:2)
  A dart slug (D:1)
  2 leopard geckos
  5 orcs (D:3)
  3 bats (D:2)
  3 giant cockroaches
  5 goblins
  3 hobgoblins
  4 jackals
  5 kobolds
  2 quokkas (D:2)
  2 frilled lizards
  2 rats
42 creatures vanquished.

Notes
Turn   | Place    | Note
-------+----------+-------------------------------------------
     0 | D:1      | Hasart the Octopode Fighter began the quest for the Orb.
     0 | D:1      | Reached XP level 1. HP: 16/16 MP: 1/1
   264 | D:1      | Reached XP level 2. HP: 18/21 MP: 2/2
   662 | D:2      | Reached XP level 3. HP: 26/26 MP: 3/3
  1691 | D:3      | Reached XP level 4. HP: 18/31 MP: 4/4
  2138 | D:3      | Killed from afar by an orc priest

Skill      XL: |  1  2  3  4 |
---------------+-------------+-----
Maces & Flails | 3 |  3.1
Fighting       | |  3.6
Dodging        | |  3.5
Shields        | |  3.8

Action                   |  1- 3 |  4- 6 || total
-------------------------+-------+-------++-------
Melee: Flail             |    45 |       ||    45
       Constrict         |    15 |     6 ||    21
       Tentacles         |    12 |     2 ||    14
       Hand axe          |    14 |    18 ||    32
  Use: Potion            |       |     2 ||     2
 Stab: Sleeping          |     6 |     1 ||     7
       Distracted        |     1 |       ||     1
  Eat: Chunk             |     2 |     1 ||     3
Armor: Skin              |     6 |     3 ||     9
Dodge: Dodged            |    27 |     9 ||    36
Block: Shield            |    23 |    15 ||    38
